 Dungeon Crawl Stone Soup version 0.20.1-1-g8b1a95d (webtiles) character file.

2646 Linguinho the Summoner (level 9, -13/62 HPs)
             Began as a Demonspawn Summoner on Nov 5, 2017.
             Was a Priest of Ashenzari.
             Shot with an arrow by a centaur warrior (29 damage)
             ... on level 9 of the Dungeon.
             The game lasted 00:35:32 (10263 turns).

Linguinho the Summoner (Demonspawn Summoner)       Turns: 10263, Time: 00:35:33

Health: -13/62     AC:  6    Str:  9    XL:     9   Next: 35%
Magic:  4/19       EV: 13    Int: 19    God:    Ashenzari [***...]
Gold:   433        SH:  0    Dex: 14    Spells: 5/22 levels left

rFire    . . .     SeeInvis +   u - +2 trident (protect) (curse)
rCold    . . .     Gourm    .   (no shield)
rNeg     . . .     Faith    +   a - +0 robe
rPois    .         Spirit   .   (helmet restricted)
rElec    .         Reflect  .   (no cloak)
rCorr    .         Harm     .   (no gloves)
MR       .....                  g - +0 pair of boots (curse)
Stlth    ++........             h - amulet of faith (curse)
Regen    0.2/turn               (no ring)
MPRegen  0.2/turn               (no ring)

@: very slightly contaminated
A: horns 1, yellow scales 2, spiny 1, rot immunity
a: Curse Item, Scrying, Renounce Religion


You were on level 9 of the Dungeon.
You worshipped Ashenzari.
Ashenzari was most pleased with you.
You were very hungry.

You visited 1 branch of the dungeon, and saw 9 of its levels.

You collected 433 gold pieces.

Inventory:

Hand Weapons
 u - a cursed +2 trident of protection (weapon)
Armour
 a - a +0 robe (worn)
 g - a cursed +0 pair of boots (worn)
 w - a cursed +0 ring mail
Jewellery
 h - a cursed amulet of faith (around neck)
Wands
 p - a wand of scattershot (5/9)
 z - a wand of paralysis (7/24)
Scrolls
 d - a scroll of teleportation
 e - 2 scrolls of noise
 l - 2 scrolls of fog {unknown}
 n - a scroll of remove curse
 o - a scroll of immolation {unknown}
 x - a scroll of fear {unknown}
 y - a scroll of identify
Potions
 f - 2 potions of heal wounds
 i - 6 potions of curing {unknown}
 m - a potion of cancellation {unknown}
 q - 2 potions of mutation {unknown}
 r - 2 potions of flight {unknown}
 t - a potion of lignification {unknown}
 v - a potion of berserk rage {unknown}
Books
 b - a book of Callings

   Spells                             Type                      Level
   a - Summon Small Mammal            Summoning                    1
   b - Call Imp                       Summoning                    2
   c - Call Canine Familiar           Summoning                    3
   d - Summon Guardian Golem          Hexes/Summoning              3
   e - Summon Lightning Spire         Summoning/Air                4
   f - Summon Ice Beast               Ice/Summoning                4
Comestibles
 c - 4 bread rations
 j - 2 royal jellies
 k - 3 meat rations


   Skills:
 + Level 2.3 Fighting
   Level 1.0 Long Blades
 + Level 3.8(6.5) Polearms
 + Level 2.9 Dodging
 - Level 3.7 Stealth
 - Level 0.1 Unarmed Combat
 + Level 7.1 Spellcasting
 + Level 1.5 Hexes
 + Level 8.0 Summonings
 * Level 1.5 Ice Magic
 * Level 1.3 Air Magic


You had 5 spell levels left.
You knew the following spells:

 Your Spells              Type           Power        Failure   Level  Hunger
a - Summon Small Mammal   Summ           ####         1%          1    None
b - Call Imp              Summ           #####...     1%          2    None
c - Summon Guardian Gole  Hex/Summ       ###.....     4%          3    #......
d - Call Canine Familiar  Summ           #####...     1%          3    #......
e - Summon Ice Beast      Ice/Summ       ####....     14%         4    ###....
f - Summon Lightning Spi  Summ/Air       ###.....     14%         4    ###....


Dungeon Overview and Level Annotations

Branches:
Dungeon (9/15)             Temple (0/1) D:7
   Lair: D:8-11         Orc: D:9-12

Altars:
Ashenzari
Gozag
Nemelex Xobeh
Ru
Sif Muna
Yredelemnul
The Shining One

Shops:
D:6 *


Innate Abilities, Weirdness & Mutations

You have a pair of small horns on your head.
You are mostly covered in yellow scales. (AC +3)
You are partially covered in sharp spines.
You are immune to rotting.


Message History

Casting: Call Imp
Confirm with . or Enter, or press ? or * to list all spells.
A beastly little devil appears in a puff of flame.
The centaur warrior shoots an arrow.
The arrow hits your ice beast!!
Your ice beast dies!
A two-headed ogre comes into view. It is wielding two giant clubs.
You see here an arrow.
The centaur warrior shoots an arrow.
The arrow barely misses you.
Your crimson imp blinks!
Your crimson imp hits the centaur warrior but does no damage.
The centaur warrior shoots an arrow.
The arrow closely misses your crimson imp.
The arrow hits you!
* * * LOW HITPOINT WARNING * * *
You see here 2 arrows.
Something hits your crimson imp!
Your crimson imp dies!
The centaur warrior wields an uncursed shortbow.
The centaur warrior shoots an arrow.
The arrow hits you!!
You die...

* #########* ,* #..?....c ,,,,
#(# , #O# , ,* , #{#* , ###.##
####################c###.#,#.....
................@..(..5..# * *,,
####################.#####,*, * ,
#... ** ##### *


You could see a centaur warrior and a friendly crimson imp.

Vanquished Creatures
  An orc warrior (D:6)
  An ogre (D:4)
  A centaur (D:5)
  3 bullfrogs
  A wyvern zombie (D:8)
  4 scorpions
  4 killer bees (D:7)
  4 wights (D:8)
  4 crimson imps
  A hound (D:6)
  A jelly (D:5)
  An orc priest (D:5)
  2 iguanas (D:8)
  A bullfrog skeleton (D:8)
  2 orc wizards (D:8)
  6 worker ants
  A worker ant zombie (D:7)
  7 adders
  2 gnolls (D:7)
  3 leopard geckos
  12 orcs
  4 bats
  A giant cockroach (D:1)
  5 goblins
  4 hobgoblins
  A jackal (D:3)
  3 frilled lizards
  3 kobolds
  5 rats
88 creatures vanquished.

Vanquished Creatures (collateral kills)
  Psyche (D:8)
  A steam dragon (D:7)
  An orc warrior (D:8)
  An ice beast (D:6)
  A sky beast (D:7)
  An ogre (D:8)
  2 centaurs
  2 bullfrogs (D:7)
  4 killer bees (D:7)
  A howler monkey (D:6)
  A crimson imp (D:7)
  A jelly (D:6)
  An orc priest (D:5)
  An orc wizard (D:8)
  A howler monkey zombie (D:8)
  2 gnolls (D:7)
  3 adders
  An ooze (D:2)
  2 dart slugs
  16 orcs
  3 giant cockroaches
  7 goblins
  8 hobgoblins
  2 jackals (D:6)
  2 kobolds
  A quokka (D:4)
  3 bats
  A frilled lizard (D:1)
  A leopard gecko skeleton (D:6)
  A rat (D:3)
73 creatures vanquished.

Vanquished Creatures (others)
  A two-headed ogre (D:8)
  An ice beast (D:7)
  An orc warrior (D:7)
  An ogre (D:7)
  A bullfrog zombie (D:7)
  A leopard gecko (D:7)
  A jackal zombie (D:7)
7 creatures vanquished.

Grand Total: 168 creatures vanquished

Notes
Turn   | Place    | Note
-------+----------+-------------------------------------------
     0 | D:1      | Linguinho the Demonspawn Summoner began the quest for the Orb.
     0 | D:1      | Reached XP level 1. HP: 13/13 MP: 3/3
    44 | D:1      | Found a shattered altar of Ashenzari.
   192 | D:1      | Became a worshipper of Ashenzari the Shackled
   552 | D:1      | Gained mutation: You have a pair of small horns on your head. [demonic ancestry]
   552 | D:1      | Reached XP level 2. HP: 19/19 MP: 1/5
   556 | D:1      | Learned a level 2 spell: Call Imp
  1883 | D:2      | Found a basalt altar of Yredelemnul.
  1930 | D:2      | Gained mutation: You are partially covered in sharp spines. [demonic ancestry]
  1930 | D:2      | Reached XP level 3. HP: 21/24 MP: 2/6
  2027 | D:2      | Reached * piety under Ashenzari
  2507 | D:3      | Found a sparkling altar of Nemelex Xobeh.
  2686 | D:3      | Reached XP level 4. HP: 21/30 MP: 3/8
  3326 | D:3      | Found a deep blue altar of Sif Muna.
  3885 | D:4      | Noticed an ogre
  3902 | D:4      | Killed an ogre
  3902 | D:4      | Gained mutation: You are immune to rotting. [demonic ancestry]
  3902 | D:4      | Reached XP level 5. HP: 30/35 MP: 1/10
  3963 | D:4      | Reached skill level 5 in Summonings
  4159 | D:4      | Reached skill level 1 in Long Blades
  4468 | D:5      | Entered Level 5 of the Dungeon
  4564 | D:5      | Reached XP level 6. HP: 20/42 MP: 2/12
  4823 | D:5      | Learned a level 3 spell: Summon Guardian Golem
  4827 | D:5      | Learned a level 3 spell: Call Canine Familiar
  4872 | D:5      | Reached skill level 1 in Fighting
  4990 | D:5      | Reached skill level 1 in Polearms
  5044 | D:5      | Found a sacrificial altar of Ru.
  5283 | D:5      | Reached ** piety under Ashenzari
  5812 | D:6      | Noticed an ice beast
  5815 | D:6      | Gained mutation: You are partially covered in yellow scales. (AC +2) [demonic ancestry]
  5815 | D:6      | Reached XP level 7. HP: 44/48 MP: 14/14
  6381 | D:6      | Reached skill level 5 in Spellcasting
  6508 | D:6      | Found an opulent altar of Gozag.
  6511 | D:6      | Found Gozag's Platinum Reserve.
  7202 | D:7      | Reached skill level 6 in Summonings
  7411 | D:7      | Reached skill level 1 in Hexes
  7411 | D:7      | Gained mutation: You are mostly covered in yellow scales. (AC +3) [demonic ancestry]
  7411 | D:7      | Reached XP level 8. HP: 54/54 MP: 12/16
  7751 | D:7      | Found a glowing golden altar of the Shining One.
  7778 | D:7      | Identified the amulet of Generosity {Harm *Drain Int+7 Dex-3 Slay+2} (You took it off an orc on level 7 of the Dungeon)
  8711 | D:7      | Found a staircase to the Ecumenical Temple.
  9139 | D:8      | Reached skill level 7 in Summonings
  9222 | D:8      | Noticed a two-headed ogre
  9237 | D:8      | Killed a two-headed ogre
  9296 | D:8      | Learned a level 4 spell: Summon Ice Beast
  9301 | D:8      | Learned a level 4 spell: Summon Lightning Spire
  9442 | D:8      | Reached XP level 9. HP: 61/61 MP: 12/19
  9479 | D:8      | Noticed Psyche
  9500 | D:8      | Killed Psyche
  9500 | D:8      | Reached skill level 1 in Ice Magic
  9538 | D:8      | Reached skill level 1 in Air Magic
  9880 | D:8      | Reached *** piety under Ashenzari
  9924 | D:8      | Reached skill level 8 in Summonings
 10183 | D:9      | Noticed a centaur warrior
 10259 | D:9      | Noticed a two-headed ogre
 10263 | D:9      | Shot with an arrow by a centaur warrior

Skill      XL: |  1  2  3  4  5  6  7  8  9 |
---------------+----------------------------+-----
Dodging        | 2 |  2.9
Spellcasting   | 3 4 5 6 7 |  7.1
Stealth        | 2 3 |  3.7
Summonings     | 5 6 7 8 |  8.0
Long Blades    | 1 |  1.0
Fighting       | 1 2 |  2.3
Polearms       | 1 2 3 |  3.8
Hexes          | 1 |  1.5
Ice Magic      | 1 |  1.5
Air Magic      | 1 |  1.3
Unarmed Combat | |  0.1

Action                   |  1- 3 |  4- 6 |  7- 9 || total
-------------------------+-------+-------+-------++-------
Melee: Unarmed           |   125 |       |       ||   125
       Headbutt          |    12 |    10 |    15 ||    37
       Falchion          |       |    42 |       ||    42
       Trident           |       |    33 |   177 ||   210
 Cast: Summon Small Mamm |    24 |     4 |     4 ||    32
       Call Imp          |    26 |    30 |    67 ||   123
       Call Canine Famil |       |     1 |    18 ||    19
       Summon Guardian G |       |     1 |    14 ||    15
       Summon Ice Beast  |       |       |     7 ||     7
Invok: Curse Item        |       |     2 |       ||     2
  Use: Scroll            |       |       |     6 ||     6
       Potion            |       |       |     1 ||     1
 Stab: Sleeping          |     2 |     5 |       ||     7
       Distracted        |     1 |     1 |     6 ||     8
  Eat: Chunk             |     7 |     9 |     7 ||    23
       Fruit             |       |     1 |     1 ||     2
       Meat ration       |       |       |     1 ||     1
       Bread ration      |       |       |     1 ||     1
Armor: Robe              |    23 |    14 |    30 ||    67
Dodge: Dodged            |   105 |    42 |    84 ||   231
       Rpst.: Falchion   |       |     4 |       ||     4
